 Dungeon Crawl Stone Soup version 0.14-a0-2746-g43b4f9c (webtiles) character file.

226 Psiweapon the Skirmisher (level 4, -4/29 HPs)
             Began as a Gargoyle Fighter on Feb 22, 2014.
             Killed by nerve-wracking pain
             ... invoked by Grinder
              (10 damage)
             ... while paralysed by Grinder
             ... on Level 3 of the Dungeon.
             The game lasted 00:12:49 (2172 turns).

Psiweapon the Skirmisher (Gargoyle Fighter)         Turns: 2172, Time: 00:12:49

HP  -4/29        AC 11     Str 21      XL: 4   Next: 45%
MP   4/4         EV  2     Int  8      God:
Gold 142         SH  0     Dex  9      Spells:  0 memorised,  3 levels left

rFire  . . .     SeeInvis .     x - +2 sling (evade)
rCold  . . .     Clarity  .     t - +0 scale mail
rNeg   + . .     Conserve .     c - +0 shield
rPois  +         rCorr    .     v - +0 helmet
rElec  +         rRot     +     (no cloak)
SustAb . .       Spirit   .     (no gloves)
rMut   .         Warding  .     (no boots)
Saprov . . .     Stasis   .     (no amulet)
MR     .....                    (no ring)
                                (no ring)

@: paralysed, not resistant to hostile enchantments, extremely unstealthy
A: life protection 1, electricity resistance, unbreathing, petrification
resistance, AC +3
a: no special abilities


You were on level 3 of the Dungeon.
You were hungry.

You visited 1 branch of the dungeon, and saw 3 of its levels.

You collected 142 gold pieces.

Inventory:

Hand weapons
 a - a +0,+0 mace
 s - a -3,-1 flail
 x - a +2,+2 sling of evasion (weapon)
Missiles
 e - 15 poisoned needles
 p - 41 stones (quivered)
Armour
 b - a +0 scale mail
 c - a +0 shield (worn)
 i - a +0 pair of boots
 m - a +0 leather armour of cold resistance
 t - a +0 scale mail (worn)
 v - a +0 helmet (worn)
Magical devices
 n - a wand of heal wounds (0)
Comestibles
 d - a bread ration
 u - 10 grapes
Scrolls
 q - 3 scrolls of remove curse
 r - a scroll of teleportation {unknown}
 w - a scroll of enchant armour {unknown}
 y - a scroll of immolation {unknown}
 z - a scroll of magic mapping
Potions
 f - a potion of might {unknown}
 g - a potion of resistance {unknown}
 h - a potion of paralysis {unknown}
 k - a potion of brilliance {unknown}
Books
 l - a book of Transfigurations

   Spells                             Type                      Level
   Stoneskin                          Transmutation/Earth          2
   Ice Form                           Ice/Transmutation            4
   Statue Form                        Transmutation/Earth          6
   Dragon Form                        Transmutation                7


   Skills:
 + Level 4.1 Fighting
 + Level 2.9 Maces & Flails
 + Level 3.8 Armour
 + Level 4.0 Shields


You had 3 spell levels left.
You didn't know any spells.

Dungeon Overview and Level Annotations

Branches:
Dungeon (3/16)

Altars:

Annotations:
D:3 Grinder


Innate Abilities, Weirdness & Mutations

You are resistant to torment.
You are immune to poison.
Your stone body is very resilient (AC +3).
You resist negative energy.
You are resistant to electric shocks.
You can survive without breathing.
You are immune to petrification.


Message History

Grinder is severely wounded.
Grinder gestures at you. Pain shoots through your body!
* * * LOW HITPOINT WARNING * * *
Grinder hits you but does no damage.
Wield which item (- for none, * to show all)? (? for menu, Esc to quit)
a - a +0,+0 mace (weapon)
You hit Grinder but do no damage.
Grinder is severely wounded.
Grinder gestures.
Grinder blinks!
Wield which item (- for none, * to show all)? (? for menu, Esc to quit)
You feel nimbler!
x - a +2,+2 sling of evasion (weapon)
Grinder says, "Mostly I couldn't keep them alive."
Grinder gestures at you.
You suddenly lose the ability to move!
Grinder gestures at you. Pain shoots through your body!
You die...

#######...##.# #.#
##?###.###.##### #.# #.........#
# #.# #####.###.# #. ##'##
#.###.# #. ##...## #...... #.#
##.....## ###.#.# #..##
##......5## ##.#.#
######...####.@ยง.(....####....#
..........(>'.....(...'........
####.#....###.........####.....
#.....#.# ##.......## ##.##.
#.....#.# ##.....## #####.
#.....#.# ##...## #.....
#.....#.# ##+########.###.
.......# #.##.%......##. .######
#.##.#####..##.


You could see Grinder.

Vanquished Creatures
  Terence (D:2)
  2 adders
  A worm (D:2)
  2 giant geckos
  2 orcs (D:3)
  10 bats
  2 giant cockroaches
  3 hobgoblins
  3 jackals (D:2)
  2 kobolds (D:1)
  A ball python (D:1)
  3 giant newts
  6 goblins
  5 rats
43 creatures vanquished.

Notes
Turn   | Place    | Note
--------------------------------------------------------------
     0 | D:1      | Psiweapon, the Gargoyle Fighter, began the quest for the Orb.
     0 | D:1      | Reached XP level 1. HP: 14/14 MP: 1/1
   330 | D:1      | Reached XP level 2. HP: 17/19 MP: 2/2
   711 | D:2      | Reached XP level 3. HP: 22/24 MP: 3/3
   716 | D:2      | Noticed Terence
   766 | D:2      | Killed Terence
   961 | D:2      | Reached skill level 4 in Fighting
  1167 | D:2      | Reached XP level 4. HP: 29/29 MP: 4/4
  2100 | D:3      | Noticed Grinder
  2107 | D:3      | Paralysed by Grinder for 2 turns
  2114 | D:3      | Paralysed by Grinder for 3 turns
  2122 | D:3      | Paralysed by Grinder for 6 turns
  2146 | D:3      | Paralysed by Grinder for 4 turns
  2154 | D:3      | Paralysed by Grinder for 5 turns
  2171 | D:3      | Paralysed by Grinder for 5 turns
  2172 | D:3      | Killed from afar by Grinder

Action                   |  1- 3 |  4- 6 || total
-------------------------+-------+-------++-------
Melee: Mace              |   101 |    21 ||   122
       Flail             |    46 |    49 ||    95
 Fire: Sling             |       |    28 ||    28
  Use: Scroll            |     7 |     1 ||     8
       Potion            |       |     5 ||     5
